Map: Rifts to Korhal

Players

Yuriprime

  • Race: Zerg Zerg
  • Spawn Location: 7:00

ViS

  • Race: Zerg Zerg

VOD

Have the link to the VOD?

Description

Time

  • Played on: Dec. 26, 2017, 6:11 a.m.
  • Length: 9:28
Show
View Real Time Build Order
Export as new Build Order

Yuriprime Zerg 

Build Orders:  

Get SALT Encoding   

  12  0:05  Drone  
  13  0:18  Drone  
  14  0:35  Roach Warren  
  14  0:36  Drone  
  14  0:49  Overlord  
  14  1:35  Spine Crawler  
  14  1:39  Spine Crawler  
  12  1:40  Spine Crawler  
  12  1:43  Roach  
  12  1:47  Roach  
  15  1:54  Drone  
  16  2:00  Drone  
  17  2:15  Roach  
  19  2:20  Extractor  
  19  2:23  Extractor  
  19  2:24  Roach  
  17  2:46  Brutalisk  
  17  2:49  Drone  
  18  2:50  Drone x3  
  21  3:02  Roach  
  21  3:24  Brutalisk  
  21  3:34  Roach  
  21  3:43  Lair  
  21  3:44  Drone  
  21  3:46  Overlord  
  22  3:56  Brutalisk  
  22  4:30  Spire  
  21  5:06  Mutalisk  
  21  5:08  Mutalisk  
  25  5:50  Spine Crawler  
  25  5:52  Mutalisk  
  24  6:09  Mutalisk  
  26  6:20  Leviathan  
  26  6:28  Mutalisk  
  26  6:56  Leviathan  
  26  7:24  Drone x2  
  26  7:25  Drone x2  
  26  7:26  Nydus Network  
  29  7:46  Mutalisk  
  29  8:14  Leviathan  
Show
View Real Time Build Order
Export as new Build Order

ViS Zerg 

Build Orders:  

Get SALT Encoding   

  18  0:04  Primal Drone  
  19  0:12  Primal Drone  
  19  0:19  Primal Drone  
  21  0:26  Primal Drone  
  22  0:33  Primal Drone  
  23  0:41  Extractor  
  23  0:49  Primal Drone  
  25  1:12  Primal Warden  
  25  1:27  Primal Drone x2  
  27  1:37  Primal Drone  
  28  1:57  Primal Drone  
  29  2:16  Glevig's Den  
  28  2:51  Primal Drone x2  
  28  2:52  Primal Drone  
  31  3:18  Primal Drone x2  
  33  3:57  Primal Drone x2  
  36  4:03  Primal Wurm  
  36  4:04  Murvar's Den  
  36  4:05  Primal Wurm  
  36  4:06  Primal Wurm  
  36  4:09  Primal Drone  
  38  4:27  Primal Wurm  
  39  5:36  Primal Wurm  
  39  5:37  Primal Wurm  
  39  5:38  Primal Wurm  
  36  6:32  Primal Drone x3  
  36  6:33  Primal Drone x2  
  41  7:18  Primal Drone x2  
  46  7:21  Primal Wurm x3  
  46  8:27  Primal Drone x5  
  52  8:34  Primal Wurm  
Tags
 
Add a new tag
Caveats
  • Supply blocks, unpowered buildings, or Contaminate may cause inaccurate times.
  • Supply counts are checked every 10 seconds.